Workbook

Sheet 地市透视表
A1: 地市 | B1: 资产条数 | C1: 资产原值（元） | D1: 资产净值（元） | E1: 净值/原值 | F1: 评估价（元）
A2: 金华 | B2: 65 | C2: 296325.16 | D2: 9763.28 | E2: =D2/C2 -> 0.03294786 | F2: 34167.35
A3: 湖州 | B3: 93 | C3: 388964.67 | D3: 105604.1 | E3: =D3/C3 -> 0.27150049 | F3: 35922.87
A4: 台州 | B4: 90 | C4: 282565.86 | D4: 12747.42 | E4: =D4/C4 -> 0.045113093 | F4: 41326.96
A5: 合计 | B5: =SUM(B2:B4) -> 248 | C5: =SUM(C2:C4) -> 967855.69 | D5: =SUM(D2:D4) -> 128114.8 | E5: =D5/C5 -> 0.13236973 | F5: =SUM(F2:F4) -> 111417.18

Sheet 汇总
A1: 地市 | B1: 拍卖批次 | C1: 资产类别名称（大类相同完整度不同的分行填报） | D1: 对应估值清单的分类描述 | E1: 计量单位 | F1: 资产数量 | G1: 总重量（kg） | H1: 完整度/出铜（铝）率（%） | I1: 最低转让单价（含税） | J1: 最低转让总价（含税） | K1: 备注 （主要配件缺失的需要注明）
A2: 金华 | B2: 第十九批 | C2: 3P空调 | D2: 3P空调内外机成套 | E2: 套 | F2: 14 | G2: / | H2: / | I2: 936 | J2: =I2*F2 -> 13104 | K2: 铜管
A3: 金华 | B3: 第十九批 | C3: 壁挂空调 | D3: 2P空调内外机成套 | E3: 套 | F3: 5 | G3: / | H3: / | I3: 520 | J3: =I3*F3 -> 2600 | K3: 铜管
A4: 金华 | B4: 第十九批 | C4: 动环监控 | D4: 动环监控 | E4: 个 | F4: 24 | G4: 84 | H4: / | I4: 16 | J4: =I4*F4 -> 384
A5: 金华 | B5: 第十九批 | C5: 模块 | D5: 其他铁质为主的报废物资 | E5: 个 | F5: 1 | G5: 1.5 | H5: / | I5: 2270元/吨 | J5: =2270/1000*G5 -> 3.405
A6: 金华 | B6: 第十九批 | C6: 嵌入式开关电源 | D6: 其他铁质为主的报废物资 | E6: 个 | F6: 2 | G6: 47 | H6: / | I6: 2270元/吨 | J6: =2270/1000*G6 -> 106.69 | K6: 模块
A7: 金华 | B7: 第十九批 | C7: 组合式开关电源 | D7: 组合式开关电源 | E7: 个 | F7: 19 | G7: / | H7: 0.75 | I7: 997×完整度+198 | J7: =(997*H7+198)*F7 -> 17969.25 | K7: 模块
A8: 湖州 | B8: 第十九批 | C8: 3匹室内外成套 | D8: 3匹室内外成套 | E8: 个 | F8: 20 | I8: 936 | J8: =I8*F8 -> 18720 | K8: 其中10个无冷凝管
A9: 湖州 | B9: 第十九批 | C9: 2P及2P以下成套空调 | D9: 2匹室内外成套 | E9: 个 | F9: 3 | I9: 520 | J9: =I9*F9 -> 1560 | K9: 其中2个无冷凝管
A10: 湖州 | B10: 第十九批 | C10: 交流配电箱 | D10: 配电箱类 | F10: 15 | I10: 107 | J10: =I10*F10 -> 1605
A11: 湖州 | B11: 第十九批 | C11: 电控锁 | D11: 其他铁质为主的报废物资 | E11: 个 | F11: 4 | G11: 10 | I11: 2270元/吨 | J11: =2270/1000*G11 -> 22.7
A12: 湖州 | B12: 第十九批 | C12: 空调控制器 | D12: 其他铁质为主的报废物资 | E12: 个 | F12: 4 | G12: 1.2 | I12: 2270元/吨 | J12: =2270/1000*G12 -> 2.724
A13: 湖州 | B13: 第十九批 | C13: 空调控制器-红外模块 | D13: 其他铁质为主的报废物资 | E13: 个 | F13: 2 | G13: 0.6 | I13: 2270元/吨 | J13: =2270/1000*G13 -> 1.362
A14: 湖州 | B14: 第十九批 | C14: 灭火器 | D14: 灭火器 | E14: 个 | F14: 1 | I14: 3 | J14: =I14*F14 -> 3
A15: 湖州 | B15: 第十九批 | C15: 电源转换模块 | D15: 其他铁质为主的报废物资 | E15: 个 | F15: 3 | G15: 3.9 | I15: 2270元/吨 | J15: =2270/1000*G15 -> 8.853
A16: 湖州 | B16: 第十九批 | C16: 整流模块 | D16: 其他铁质为主的报废物资 | E16: 个 | F16: 1 | G16: 1 | I16: 2270元/吨 | J16: =2270/1000*G16 -> 2.27
A17: 湖州 | B17: 第十九批 | C17: 机柜空调 | D17: 机柜空调 | E17: 个 | F17: 10 | G17: 300 | I17: 10020元/吨 | J17: =10020/1000*G17 -> 3006
A18: 湖州 | B18: 第十九批 | C18: 打印机 | D18: 打印机 | E18: 个 | F18: 1 | I18: 26 | J18: =I18*F18 -> 26
A19: 湖州 | B19: 第十九批 | C19: 台式机 | D19: 台式电脑 | E19: 个 | F19: 2 | I19: 81 | J19: =I19*F19 -> 162
A20: 湖州 | B20: 第十九批 | C20: 笔记本电脑 | D20: 笔记本电脑 | E20: 个 | F20: 1 | I20: 80 | J20: =I20*F20 -> 80
A21: 湖州 | B21: 第十九批 | C21: 铝芯电缆 | D21: 铝缆类 | E21: 米 | F21: 9 | G21: 7.2 | H21: 0.4 | I21: 17090元/吨×出铝率 | J21: =17090/1000*H21*G21 -> 49.2192
A22: 湖州 | B22: 第十九批 | C22: 铜芯电缆 | D22: 铜缆类 | E22: 米 | F22: 12 | G22: 7.2 | H22: 0.7 | I22: 70510元/吨×出铜率 | J22: =70510/1000*H22*G22 -> 355.3704 | K22: 1*50mm2铜芯
A23: 湖州 | B23: 第十九批 | C23: 铜芯电缆 | D23: 铜缆类 | E23: 米 | F23: 16 | G23: 13.5 | H23: 0.7 | I23: 70510元/吨×出铜率 | J23: =70510/1000*H23*G23 -> 666.3195 | K23: 1*70mm2铜芯
A24: 湖州 | B24: 第十九批 | C24: 铜芯电缆 | D24: 铜缆类 | E24: 米 | F24: 47 | G24: 47 | H24: 0.7 | I24: 70510元/吨×出铜率 | J24: =70510/1000*H24*G24 -> 2319.779 | K24: 1*95mm2铜芯
A25: 湖州 | B25: 第十九批 | C25: 铜芯电缆 | D25: 铜缆类 | E25: 米 | F25: 15 | G25: 3 | H25: 0.5 | I25: 70510元/吨×出铜率 | J25: =70510/1000*H25*G25 -> 105.765 | K25: 2*6mm2铜芯
A26: 湖州 | B26: 第十九批 | C26: 馈线 | D26: 铜缆类 | E26: 米 | F26: 110 | G26: 19.5 | H26: 0.225 | I26: 70510元/吨×出铜率 | J26: =70510/1000*H26*G26 -> 309.36262 | K26: 1/2"-阻燃
A27: 湖州 | B27: 第十九批 | C27: 直流电能计量终端6分路 | D27: 其他铁质为主的报废物资 | E27: 个 | F27: 1 | G27: 3.5 | I27: 2270元/吨 | J27: =2270/1000*G27 -> 7.945
A28: 湖州 | B28: 第十九批 | C28: 供电计量设备 | D28: 配电箱类 | E28: 个 | F28: 1 | I28: 107 | J28: =I28*F28 -> 107
A29: 湖州 | B29: 第十九批 | C29: 动环监控 | D29: 动环监控 | E29: 个 | F29: 8 | I29: 16 | J29: =I29*F29 -> 128
A30: 湖州 | B30: 第十九批 | C30: RRU安装架 | D30: 其他铁质为主的报废物资 | E30: 个 | F30: 3 | G30: 75 | I30: 2270元/吨 | J30: =2270/1000*G30 -> 170.25
A31: 湖州 | B31: 第十九批 | C31: 嵌入式开关电源 | D31: 其他铁质为主的报废物资 | E31: 个 | F31: 1 | G31: 16.5 | I31: 2270元/吨 | J31: =2270/1000*G31 -> 37.455
A32: 湖州 | B32: 第十九批 | C32: 组合开关电源柜 | D32: 组合开关电源柜 | E32: 个 | F32: 10 | H32: 0.45 | I32: 997×完整度+198 | J32: =(997*H32+198)*F32 -> 6466.5
A33: 台州 | B33: 第十九批 | C33: 2匹室内外成套 | D33: 2匹室内外成套 | E33: 台 | F33: 6 | I33: 520 | J33: =I33*F33 -> 3120
A34: 台州 | B34: 第十九批 | C34: 3匹室内外成套 | D34: 3匹室内外成套 | E34: 台 | F34: 14 | I34: 936 | J34: =I34*F34 -> 13104
A35: 台州 | B35: 第十九批 | C35: 壁挂式开关电源 | D35: 其他各类铁质为主的报废物资 | E35: 驾 | F35: 2 | G35: 16 | I35: 2270元/吨 | J35: =2270/1000*G35 -> 36.32
A36: 台州 | B36: 第十九批 | C36: 动环监控 | D36: 动环监控 | E36: 个 | F36: 4 | G36: 4 | I36: 16 | J36: =I36*F36 -> 64
A37: 台州 | B37: 第十九批 | C37: 供电计量设备 | D37: 配电箱类 | E37: 个 | F37: 4 | G37: 1 | I37: 107 | J37: =I37*F37 -> 428
A38: 台州 | B38: 第十九批 | C38: 霍尔传感器 | D38: 其他各类铁质为主的报废物资 | E38: 个 | F38: 1 | G38: 0.1 | I38: 2270元/吨 | J38: =2270/1000*G38 -> 0.227
A39: 台州 | B39: 第十九批 | C39: 空开 | D39: 其他各类铁质为主的报废物资 | E39: 个 | F39: 1 | G39: 0.1 | I39: 2270元/吨 | J39: =2270/1000*G39 -> 0.227
A40: 台州 | B40: 第十九批 | C40: 嵌入式开关电源 | D40: 其他各类铁质为主的报废物资 | E40: 驾 | F40: 7 | G40: 46 | I40: 2270元/吨 | J40: =2270/1000*G40 -> 104.42
A41: 台州 | B41: 第十九批 | C41: 油机转换箱 | D41: 配电箱类 | E41: 个 | F41: 1 | G41: 7 | I41: 107 | J41: =I41*F41 -> 107
A42: 台州 | B42: 第十九批 | C42: 整流模块 | D42: 其他各类铁质为主的报废物资 | E42: 个 | F42: 3 | G42: 3 | I42: 2270元/吨 | J42: =2270/1000*G42 -> 6.81
A43: 台州 | B43: 第十九批 | C43: 走线架 | D43: 其他各类铁质为主的报废物资 | E43: 个 | F43: 3 | G43: 50 | I43: 2270元/吨 | J43: =2270/1000*G43 -> 113.5
A44: 台州 | B44: 第十九批 | C44: 组合开关电源 | D44: 组合开关电源 | E44: 驾 | F44: 46 | H44: 0.33 | I44: 997×完整度+198 | J44: =(997*H44+198)*F44 -> 24242.46

Sheet 金华
A1: 序号 | B1: 报废批复文号 | C1: 资产编号 | D1: 资产名称 | E1: 资产类别名称 | F1: 资产原值 （元，不含税） | G1: 资产净值 （元，不含税） | H1: 累计折旧 | I1: 资产数量 | J1: 计量单位 （个/吨/米等） | K1: 单节电池电压（2V/12V） | L1: 规格型号 | M1: 生产厂家 | N1: 站点名称 | O1: 站点编码 | P1: 县市 | Q1: 年份 | R1: 报废批次
A2: 1 | B2: 2024 年金华分公司第4次党委会会议纪要（金华铁塔党委会纪要〔2024〕第5期） | C2: 330700116660 | D2: 开关电源 | E2: 开关电源 | F2: 2067.41 | G2: 62.02 | H2: 2005.39 | I2: =VLOOKUP(C:C,[1]报废!$A:$H,8,0) -> 1 | J2: =VLOOKUP(C:C,[1]报废!$A:$G,7,0) -> 架 | L2: 组合式 | N2: 武义赵宅 | O2: 330723908000000807 | P2: 武义 | Q2: 2024 | R2: 2024B1
A3: 2 | B3: 2024 年金华分公司第4次党委会会议纪要（金华铁塔党委会纪要〔2024〕第5期） | C3: 330700134382 | D3: 开关电源 | E3: 开关电源 | F3: 1632.68 | G3: 48.98 | H3: 1583.7 | I3: =VLOOKUP(C:C,[1]报废!$A:$H,8,0) -> 1 | J3: =VLOOKUP(C:C,[1]报废!$A:$G,7,0) -> 架 | L3: 组合式 | N3: 武义深塘工业区-2 | O3: 330723908000000498 | P3: 武义 | Q3: 2024 | R3: 2024B1
A4: 3 | B4: 2024 年金华分公司第4次党委会会议纪要（金华铁塔党委会纪要〔2024〕第5期） | C4: 330700141431 | D4: 开关电源 | E4: 开关电源 | F4: 4497.41 | G4: 134.92 | H4: 4362.49 | I4: =VLOOKUP(C:C,[1]报废!$A:$H,8,0) -> 1 | J4: =VLOOKUP(C:C,[1]报废!$A:$G,7,0) -> 架 | L4: 组合式 | N4: 武义子坑 | O4: 330723908000000535 | P4: 武义 | Q4: 2024 | R4: 2024B1
A5: 4 | B5: 2024 年金华分公司第4次党委会会议纪要（金华铁塔党委会纪要〔2024〕第5期） | C5: 330700162606 | D5: 开关电源 | E5: 开关电源 | F5: 2126.94 | G5: 63.81 | H5: 2063.13 | I5: =VLOOKUP(C:C,[1]报废!$A:$H,8,0) -> 1 | J5: =VLOOKUP(C:C,[1]报废!$A:$G,7,0) -> 架 | L5: 组合式 | N5: 武义履坦坛头 | O5: 330723908000000378 | P5: 武义 | Q5: 2024 | R5: 2024B1
A6: 5 | B6: 2024 年金华分公司第4次党委会会议纪要（金华铁塔党委会纪要〔2024〕第5期） | C6: 330700124458 | D6: 专用空调 | E6: 空调 | F6: 2394 | G6: 71.82 | H6: 2322.18 | I6: =VLOOKUP(C:C,[1]报废!$A:$H,8,0) -> 1 | J6: =VLOOKUP(C:C,[1]报废!$A:$G,7,0) -> 台 | L6: 3P | N6: 武义桐琴-2 | O6: 330723908000000015 | P6: 武义 | Q6: 2024 | R6: 2024B1
A7: 6 | B7: 2024 年金华分公司第4次党委会会议纪要（金华铁塔党委会纪要〔2024〕第5期） | C7: 330700151179 | D7: 专用空调 | E7: 空调 | F7: 8352.56 | G7: 250.58 | H7: 8101.98 | I7: =VLOOKUP(C:C,[1]报废!$A:$H,8,0) -> 1 | J7: =VLOOKUP(C:C,[1]报废!$A:$G,7,0) -> 台 | L7: 3P | N7: 兰溪马三村 | O7: 330781908000000276 | P7: 兰溪 | Q7: 2024 | R7: 2024B1
A8: 7 | B8: 2024 年金华分公司第4次党委会会议纪要（金华铁塔党委会纪要〔2024〕第5期） | C8: 330700140393 | D8: 开关电源 | E8: 开关电源 | F8: 4806.02 | G8: 144.18 | H8: 4661.84 | I8: =VLOOKUP(C:C,[1]报废!$A:$H,8,0) -> 1 | J8: =VLOOKUP(C:C,[1]报废!$A:$G,7,0) -> 架 | L8: 嵌入式 | N8: 武义白水坑 | O8: 330723908000000644 | P8: 武义 | Q8: 2024 | R8: 2024B1
A9: 8 | B9: 2024 年金华分公司第4次党委会会议纪要（金华铁塔党委会纪要〔2024〕第5期） | C9: 330700321970 | D9: 动力及环境监控单元 | E9: 动环 | F9: 3196.87 | G9: 95.91 | H9: 3100.96 | I9: =VLOOKUP(C:C,[1]报废!$A:$H,8,0) -> 1 | J9: =VLOOKUP(C:C,[1]报废!$A:$G,7,0) -> 个 | L9: 监控 | N9: 武义壶山王公里 | O9: 330723500000000135 | P9: 武义 | Q9: 2024 | R9: 2024B1
A10: 9 | B10: 2024 年金华分公司第4次党委会会议纪要（金华铁塔党委会纪要〔2024〕第5期） | C10: 330700423797 | D10: 电源扩容资产 | E10: 电源类 | F10: 1581.61 | G10: 920.99 | H10: 660.62 | I10: =VLOOKUP(C:C,[1]报废!$A:$H,8,0) -> 1 | J10: =VLOOKUP(C:C,[1]报废!$A:$G,7,0) -> 个 | L10: 高效模块50A | N10: 金东公安驾校搬迁 | O10: 330703500010001743 | P10: 金东 | Q10: 2024 | R10: 2024B1
A11: 10 | B11: 2024 年金华分公司第8次党委会会议纪要（金华铁塔党委会纪要〔2024〕第9期） | C11: 330700162445 | D11: 开关电源 | E11: 开关电源 | F11: 4378.76 | G11: 131.36 | H11: 4247.4 | I11: =VLOOKUP(C:C,[1]报废!$A:$H,8,0) -> 1 | J11: =VLOOKUP(C:C,[1]报废!$A:$G,7,0) -> 架 | L11: 组合式 | N11: 武义明招大厦 | O11: 330723908000000764 | P11: 武义 | Q11: 2024 | R11: 2024B2
A12: 11 | B12: 2024 年金华分公司第8次党委会会议纪要（金华铁塔党委会纪要〔2024〕第9期） | C12: 330700170376 | D12: 开关电源 | E12: 开关电源 | F12: 3345.43 | G12: 100.36 | H12: 3245.07 | I12: =VLOOKUP(C:C,[1]报废!$A:$H,8,0) -> 1 | J12: =VLOOKUP(C:C,[1]报废!$A:$G,7,0) -> 架 | L12: 组合式 | N12: 武义项湾 | O12: 330723908000000648 | P12: 武义 | Q12: 2024 | R12: 2024B2
A13: 12 | B13: 2024 年金华分公司第8次党委会会议纪要（金华铁塔党委会纪要〔2024〕第9期） | C13: 330700119037 | D13: 开关电源 | E13: 开关电源 | F13: 4689.36 | G13: 140.68 | H13: 4548.68 | I13: =VLOOKUP(C:C,[1]报废!$A:$H,8,0) -> 1 | J13: =VLOOKUP(C:C,[1]报废!$A:$G,7,0) -> 架 | L13: 组合式 | N13: 武义上田 | O13: 330723908000000775 | P13: 武义 | Q13: 2024 | R13: 2024B2
... A37: 36 | B37: 2024 年金华分公司第8次党委会会议纪要（金华铁塔党委会纪要〔2024〕第9期） | C37: 330700339501 | D37: 动力及环境监控单元 | E37: 动环 | F37: 2527.8 | G37: 75.83 | H37: 2451.97 | I37: =VLOOKUP(C:C,[1]报废!$A:$H,8,0) -> 1 | J37: =VLOOKUP(C:C,[1]报废!$A:$G,7,0) -> 个 | L37: 监控 | N37: 永康石湖坑 | O37: 330784908000001415 | P37: 永康 | Q37: 2024 | R37: 2024B2
A38: 37 | B38: 2024 年金华分公司第8次党委会会议纪要（金华铁塔党委会纪要〔2024〕第9期） | C38: 330700341394 | D38: 动力及环境监控单元 | E38: 动环 | F38: 3687 | G38: 110.61 | H38: 3576.39 | I38: 1 | J38: 个 | L38: 监控 | N38: 永康白雁口 | O38: 330784908000001089 | P38: 永康 | Q38: 2024 | R38: 2024B2
A39: 38 | B39: 2024 年金华分公司第8次党委会会议纪要（金华铁塔党委会纪要〔2024〕第9期） | C39: 330700341859 | D39: 动力及环境监控单元 | E39: 动环 | F39: 3702.84 | G39: 111.09 | H39: 3591.75 | I39: 1 | J39: 个 | L39: 监控 | N39: 永康东城栋陇 | O39: 330784908000001190 | P39: 永康 | Q39: 2024 | R39: 2024B2
A40: 39 | B40: 2024 年金华分公司第8次党委会会议纪要（金华铁塔党委会纪要〔2024〕第9期） | C40: 330700341403 | D40: 动力及环境监控单元 | E40: 动环 | F40: 3687 | G40: 110.61 | H40: 3576.39 | I40: 1 | J40: 个 | L40: 监控 | N40: 永康江南下山门 | O40: 330784908000001131 | P40: 永康 | Q40: 2024 | R40: 2024B2
A41: 40 | B41: 2024 年金华分公司第8次党委会会议纪要（金华铁塔党委会纪要〔2024〕第9期） | C41: 330700342847 | D41: 动力及环境监控单元 | E41: 动环 | F41: 13378.33 | G41: 401.35 | H41: 12976.98 | I41: 1 | J41: 个 | L41: 监控 | N41: 永康科技园先行 | O41: 330784908000000391 | P41: 永康 | Q41: 2024 | R41: 2024B2
A42: 41 | B42: 2024 年金华分公司第8次党委会会议纪要（金华铁塔党委会纪要〔2024〕第9期） | C42: 330700339476 | D42: 动力及环境监控单元 | E42: 动环 | F42: 2954.24 | G42: 88.63 | H42: 2865.61 | I42: 1 | J42: 个 | L42: 监控 | N42: 永康枫林 | O42: 330784908000001544 | P42: 永康 | Q42: 2024 | R42: 2024B2
A43: 42 | B43: 2024 年金华分公司第18次党委会会议纪要（金华铁塔党委会纪要〔2024〕第19期） | C43: 330700163035 | D43: 开关电源 | E43: 开关电源 | F43: 9019.93 | G43: 270.6 | H43: 8749.33 | I43: 1 | J43: 架 | L43: 组合式 | N43: 东阳朝阳路-2 | O43: 330783908000000246 | P43: 东阳 | Q43: 2024 | R43: 2024B3
A44: 43 | B44: 2024 年金华分公司第18次党委会会议纪要（金华铁塔党委会纪要〔2024〕第20期） | C44: 330700329523 | D44: 开关电源（整机或机架） | E44: 开关电源 | F44: 6383.87 | G44: 191.52 | H44: 6192.35 | I44: 1 | J44: 架 | L44: 组合式 | N44: 东阳东山 | O44: 330783908000000848 | P44: 东阳 | Q44: 2024 | R44: 2024B3
A45: 44 | B45: 2024 年金华分公司第18次党委会会议纪要（金华铁塔党委会纪要〔2024〕第21期） | C45: 330700118083 | D45: 开关电源 | E45: 开关电源 | F45: 5845.23 | G45: 175.36 | H45: 5669.87 | I45: 1 | J45: 架 | L45: 组合式 | N45: 东阳葛府 | O45: 330783908000001211 | P45: 东阳 | Q45: 2024 | R45: 2024B3
A46: 45 | B46: 2024 年金华分公司第18次党委会会议纪要（金华铁塔党委会纪要〔2024〕第22期） | C46: 330700313348 | D46: 嵌入式高频开关电源-48V/300A高效系统(50A高效模块，共用电源系统，三相交流输入)-100A | E46: 开关电源 | F46: 8212.57 | G46: 246.38 | H46: 7966.19 | I46: 1 | J46: 架 | L46: 组合式 | N46: 东阳横店北楼 | O46: 330783908000000948 | P46: 东阳 | Q46: 2024 | R46: 2024B3
A47: 46 | B47: 2024 年金华分公司第18次党委会会议纪要（金华铁塔党委会纪要〔2024〕第23期） | C47: 330700149105 | D47: 开关电源 | E47: 开关电源 | F47: 4586.61 | G47: 137.6 | H47: 4449.01 | I47: 1 | J47: 架 | L47: 组合式 | N47: 东阳毛埠头村 | O47: 330783908000001560 | P47: 东阳 | Q47: 2024 | R47: 2024B3
A48: 47 | B48: 2024 年金华分公司第18次党委会会议纪要（金华铁塔党委会纪要〔2024〕第24期） | C48: 330700151268 | D48: 专用空调 | E48: 空调 | F48: 103 | G48: 3.09 | H48: 99.91 | I48: 1 | J48: 台 | L48: 2P | N48: 东阳横店控股 | O48: 330783908000001408 | P48: 东阳 | Q48: 2024 | R48: 2024B3
A49: 48 | B49: 2024 年金华分公司第18次党委会会议纪要（金华铁塔党委会纪要〔2024〕第25期） | C49: 330700121397 | D49: 专用空调 | E49: 空调 | F49: 257.5 | G49: 7.73 | H49: 249.77 | I49: 1 | J49: 台 | L49: 2P | N49: 东阳湖溪桥头 | O49: 330783908000001169 | P49: 东阳 | Q49: 2024 | R49: 2024B3
... A66: 65 | B66: 2024 年金华分公司第8次党委会会议纪要（金华铁塔党委会纪要〔2024〕第12期） | C66: 330700305903 | D66: 开关电源 | E66: 开关电源 | F66: 4722.19 | G66: 141.67 | H66: 4580.52 | I66: 1 | J66: 架 | L66: 组合式 | N66: 永康岩前二 | O66: 33078401000100 | P66: 永康 | Q66: 2024 | R66: 2024B2
F67: =SUM(F2:F66) -> 296325.16 | G67: =SUM(G2:G66) -> 9763.28

Sheet 湖州
A1: 序号 | B1: 报废批复文号 | C1: 资产编号 | D1: 资产名称 | E1: 资产类别名称 | F1: 资产原值 （元，不含税 | G1: 资产净值 （元，不含税 | H1: 累计折旧 | I1: 资产数量 | J1: 计量单位 （个/吨/米等 | K1: 规格 | L1: 规格型号 | M1: 生产厂家 | N1: 站点名称 | O1: 站点编码 | P1: 启用日期 | Q1: 备注 | R1: 实物位置 | S1: 批号 | T1: 是否处置 | U1: 处置方式
A2: 1 | B2: 总经理办公会纪要〔2024〕第30期 | C2: 330500120061 | D2: 交流配电箱 | F2: 8786.56 | G2: 263.6 | H2: 8522.96 | I2: 1 | J2: 个 | L2: KBP3-2-7WH | N2: 吴兴杨家埠东本4S店 | O2: 330502908000000126 | P2: 2015/10/31 | R2: 中通仓库 | S2: 无*KBP3-2-7WH**吴兴杨家埠东本4S店*330502908000000126**330500120061**废旧 | T2: 未处置 | U2: 拍卖
A3: 2 | B3: 总经理办公会纪要〔2024〕第30期 | C3: 330500106406 | D3: 交流配电箱 | F3: 4382.3 | G3: 131.47 | H3: 4250.83 | I3: 1 | J3: 面 | L3: 交流配电箱 | N3: 湖州吴兴八里店章家埭基站 | O3: 330502908000001183 | P3: 2015/10/31 | R3: 中通仓库 | S3: 无*交流配电箱**湖州吴兴八里店章家埭基站*330502908000001183**330500106406**废旧 | T3: 未处置 | U3: 拍卖
A4: 3 | B4: 总经理办公会纪要〔2024〕第30期 | C4: 330500306468 | D4: 动力及环境监控单元-基础配置 | F4: 3891.92 | G4: 116.76 | H4: 3775.16 | I4: 1 | J4: 套 | L4: 动力及环境监控单元-基础配置 | N4: 长兴泗安罗家地村涧西 | O4: 330522500000000054 | P4: 2015/12/19 | R4: 中通仓库 | S4: 无*动力及环境监控单元-基础配置**长兴泗安罗家地村涧西*330522500000000054**330500306468**废旧 | T4: 未处置 | U4: 拍卖
A5: 4 | B5: 总经理办公会纪要〔2024〕第30期 | C5: 330500309057 | D5: 动力及环境监控单元 | F5: 2895.41 | G5: 86.86 | H5: 2808.55 | I5: 1 | J5: 套 | L5: 主设备室内型成套设备基本配置模型 | N5: 吴兴环渚二轻机械厂 | O5: 330502908000000627 | P5: 2017/2/21 | R5: 中通仓库 | S5: 无*主设备室内型成套设备基本配置模型**吴兴环渚二轻机械厂*330502908000000627**330500309057**废旧 | T5: 未处置 | U5: 拍卖
A6: 5 | B6: 总经理办公会纪要〔2024〕第30期 | C6: 330500126587 | D6: 组合式开关电源 | F6: 1563 | G6: 46.89 | H6: 1516.11 | I6: 1 | J6: 个 | L6: 48V-500A(模块50A)-150 | N6: 吴兴环渚二轻机械厂 | O6: 330502908000000627 | P6: 2015/10/31 | R6: 中通仓库 | S6: 无*48V-500A(模块50A)-150**吴兴环渚二轻机械厂*330502908000000627**330500126587**废旧 | T6: 未处置 | U6: 拍卖
A7: 6 | B7: 总经理办公会纪要〔2024〕第30期 | C7: 330500303301 | D7: 组合式开关电源 | F7: 6486.25 | G7: 194.59 | H7: 6291.66 | I7: 1 | J7: 架 | L7: 落地式开关电源-48V/600A方案B | N7: 长兴泗安罗家地村涧西 | O7: 330522500000000054 | P7: 2015/12/19 | R7: 中通仓库 | S7: 无*落地式开关电源-48V/600A方案B**长兴泗安罗家地村涧西*330522500000000054**330500303301**废旧 | T7: 未处置 | U7: 拍卖
A8: 7 | B8: 总经理办公会纪要〔2024〕第30期 | C8: 330500119682 | D8: 组合式开关电源 | F8: 640.51 | G8: 19.22 | H8: 621.29 | I8: 1 | J8: 个 | L8: 48V-600A(50A模块)-250 | N8: 湖州吴兴八里店章家埭基站 | O8: 330502908000001183 | P8: 2015/10/31 | R8: 中通仓库 | S8: 无*组合式48V-600A(50A模块)-250**湖州吴兴八里店章家埭基站*330502908000001183**330500119682**废旧 | T8: 未处置 | U8: 拍卖
A9: 8 | B9: 总经理办公会纪要〔2024〕第30期 | C9: 330500125707 | D9: 组合式开关电源 | F9: 1398.27 | G9: 41.95 | H9: 1356.32 | I9: 1 | J9: 个 | L9: PS48600-3B-2900-X2 | N9: 吴兴杨家埠东本4S店 | O9: 330502908000000126 | P9: 2015/10/31 | R9: 中通仓库 | S9: 无*组合式PS48600-3B-2900-X2**吴兴杨家埠东本4S店*330502908000000126**330500125707**废旧 | T9: 未处置 | U9: 拍卖
A10: 9 | B10: 总经理办公会纪要〔2024〕第30期 | C10: 330500313708 | D10: 专用空调 | F10: 5532.04 | G10: 165.96 | H10: 5366.08 | I10: 1 | J10: 台 | K10: 3P | L10: 3P单冷三相整机 | N10: 湖州吴兴八里店章家埭基站 | O10: 330502908000001183 | P10: 2017/8/17 | R10: 中通仓库 | S10: 无*3P单冷三相整机**湖州吴兴八里店章家埭基站*330502908000001183**330500313708**废旧 | T10: 未处置 | U10: 拍卖
A11: 10 | B11: 总经理办公会纪要〔2024〕第30期 | C11: 330500314280 | D11: 专用空调 | F11: 6237.98 | G11: 187.14 | H11: 6050.84 | I11: 1 | J11: 台 | K11: 3P | L11: 3P单冷三相整机 | N11: 吴兴环渚二轻机械厂 | O11: 330502908000000627 | P11: 2017/9/6 | Q11: 注：无铜管 | R11: 中通仓库 | S11: 无*3P单冷三相整机**吴兴环渚二轻机械厂*330502908000000627**330500314280**废旧 | T11: 未处置 | U11: 拍卖
A12: 11 | B12: 总经理办公会纪要〔2024〕第30期 | C12: 330500123546 | D12: 专用空调 | F12: 1310.4 | G12: 39.31 | H12: 1271.09 | I12: 1 | J12: 台 | K12: 3P | L12: LF72W-L(S)A | N12: 高禹和家 | O12: 330523908000000976 | P12: 2015/10/31 | R12: 中通仓库 | S12: 无*LF72W-L(S)A**高禹和家*330523908000000976**330500123546**废旧 | T12: 未处置 | U12: 拍卖
A13: 12 | B13: 总经理办公会纪要〔2024〕第30期 | C13: 330500123836 | D13: 专用空调 | F13: 8895.06 | G13: 266.85 | H13: 8628.21 | I13: 1 | J13: 个 | K13: 3P | L13: 基站专用柜式分体7KW单冷三相空调 | N13: 湖州吴兴八里店章家埭基站 | O13: 330502908000001183 | P13: 2015/10/31 | R13: 中通仓库 | S13: 无*基站专用柜式分体7KW单冷三相空调**湖州吴兴八里店章家埭基站*330502908000001183**330500123836**废旧 | T13: 未处置 | U13: 拍卖
A14: 13 | B14: 总经理办公会纪要〔2024〕第30期 | C14: 330500129345 | D14: 专用空调 | F14: 640.67 | G14: 19.22 | H14: 621.45 | I14: 1 | J14: 台 | K14: 2P | L14: 三菱2P挂机 | N14: 吴兴杨家埠东本4S店 | O14: 330502908000000126 | P14: 2015/10/31 | Q14: 注：无铜管 | R14: 中通仓库 | S14: 无*三菱2P挂机**吴兴杨家埠东本4S店*330502908000000126**330500129345**废旧 | T14: 未处置 | U14: 拍卖
A15: 14 | B15: 总经理办公会纪要〔2024〕第30期 | C15: 330500335610 | D15: 机房配套扩容资产 | F15: 292.19 | G15: 71.73 | H15: 220.46 | I15: 1 | J15: 个 | L15: 监控传感器智能门禁配套物资电源转换模块 | N15: 湖州吴兴八里店章家埭基站 | O15: 330502908000001183 | P15: 2019/9/26 | R15: 中通仓库 | S15: 无*监控传感器智能门禁配套物资电源转换模块**湖州吴兴八里店章家埭基站*330502908000001183**330500335610**废旧 | T15: 已处置 | U15: 已上会无需处置
A16: 15 | B16: 总经理办公会纪要〔2024〕第30期 | C16: 330500320903 | D16: 机房配套扩容资产 | F16: 284.2 | G16: 23.83 | H16: 260.37 | I16: 1 | J16: 个 | L16: 监控传感器智能门禁配套物资电源转换模块 | N16: 吴兴杨家埠东本4S店 | O16: 330502908000000126 | P16: 2018/9/20 | R16: 中通仓库 | S16: 无*监控传感器智能门禁配套物资电源转换模块**吴兴杨家埠东本4S店*330502908000000126**330500320903**废旧 | T16: 已处置 | U16: 已上会无需处置
A17: 16 | B17: 总经理办公会纪要〔2024〕第30期 | C17: 330500349784 | D17: 整流模块 | F17: 2336.22 | G17: 1076.86 | H17: 1259.36 | I17: 1 | J17: 个 | L17: 整流模块高效模块50A组合式5G专用模块 | N17: 吴兴环渚二轻机械厂 | O17: 330502908000000627 | P17: 2021/1/28 | R17: 中通仓库 | S17: 无*整流模块高效模块50A组合式5G专用模块**吴兴环渚二轻机械厂*330502908000000627**330500349784**废旧 | T17: 已处置 | U17: 已上会无需处置
A18: 17 | B18: 总经理办公会纪要〔2024〕第30期 | C18: 330500356388 | D18: 电力电缆 | F18: 10530.99 | G18: 7773.29 | H18: 2757.7 | I18: 1 | J18: 米 | L18: 4*35方铝线 | N18: 吴兴杨家埠东本4S店 | O18: 330502908000000126 | P18: 2021/11/18 | R18: 中通仓库 | S18: 无*外市电线路整治*注：实收2米铝线*吴兴杨家埠东本4S店*330502908000000126**330500356388**废旧 | T18: 已处置 | U18: 已上会无需处置
A19: 18 | B19: 总经理办公会纪要〔2024〕第30期 | C19: 330500344034 | D19: 电力电缆 | F19: 729.78 | G19: 616.21 | H19: 113.57 | I19: 1 | J19: 米 | L19: 4*35方铝线 | N19: 吴兴杨家埠东本4S店 | O19: 330502908000000126 | P19: 2020/5/28 | R19: 中通仓库 | S19: 无*注：实收2米铝线**吴兴杨家埠东本4S店*330502908000000126**330500344034**废旧 | T19: 已处置 | U19: 已上会无需处置
A20: 19 | B20: 总经理办公会纪要〔2024〕第30期 | C20: 330500105819 | D20: 电力电缆 | F20: 17557.28 | G20: 2487.35 | H20: 15069.93 | I20: 2 | J20: 米 | L20: 4*35方铝线 | N20: 吴兴环渚二轻机械厂 | O20: 330502908000000627 | P20: 2015/10/31 | R20: 中通仓库 | S20: 无*注：实收2米铝线*注：实收2米铝线*吴兴环渚二轻机械厂*330502908000000627**330500105819**废旧 | T20: 已处置 | U20: 已上会无需处置
A21: 20 | B21: 总经理办公会纪要〔2024〕第30期 | C21: 330500314795 | D21: 电控锁 | F21: 765.61 | G21: 567.47 | H21: 198.14 | I21: 1 | J21: 平方米 | L21: 电控锁 | N21: 吴兴环渚二轻机械厂 | O21: 330502908000000627 | P21: 2017/9/29 | R21: 中通仓库 | S21: 无*电控锁**吴兴环渚二轻机械厂*330502908000000627**330500314795**废旧 | T21: 已处置 | U21: 已上会无需处置
A22: 21 | B22: 总经理办公会纪要〔2024〕第30期 | C22: 330500322264 | D22: 基站构筑物扩容资产 | F22: 406 | G22: 313.14 | H22: 92.86 | I22: 1 | J22: 个 | L22: 电控锁 | N22: 吴兴杨家埠东本4S店 | O22: 330502908000000126 | P22: 2018/9/20 | R22: 中通仓库 | S22: 无*电控锁**吴兴杨家埠东本4S店*330502908000000126**330500322264**废旧 | T22: 已处置 | U22: 已上会无需处置
A23: 22 | B23: 总经理办公会纪要〔2024〕第30期 | C23: 330500326680 | D23: 机房配套扩容资产 | F23: 1635.44 | G23: 225.34 | H23: 1410.1 | I23: 1 | J23: 个 | L23: RRU安装架室内RRU安装架 | N23: 湖州吴兴八里店章家埭基站 | O23: 330502908000001183 | P23: 2019/1/10 | R23: 中通仓库 | S23: 无*RRU安装架室内RRU安装架**湖州吴兴八里店章家埭基站*330502908000001183**330500326680**废旧 | T23: 已处置 | U23: 已上会无需处置
A24: 23 | B24: 总经理办公会纪要〔2024〕第30期 | C24: 330500326690 | D24: 机房配套扩容资产 | F24: 1635.44 | G24: 225.34 | H24: 1410.1 | I24: 1 | J24: 个 | L24: RRU安装架室内RRU安装架 | N24: 吴兴环渚二轻机械厂 | O24: 330502908000000627 | P24: 2019/1/10 | R24: 中通仓库 | S24: 无*RRU安装架室内RRU安装架**吴兴环渚二轻机械厂*330502908000000627**330500326690**废旧 | T24: 已处置 | U24: 已上会无需处置
A25: 24 | B25: 总经理办公会纪要〔2024〕第30期 | C25: 330500326692 | D25: 机房配套扩容资产 | F25: 1635.44 | G25: 225.34 | H25: 1410.1 | I25: 1 | J25: 个 | L25: RRU安装架室内RRU安装架 | N25: 吴兴环渚二轻机械厂 | O25: 330502908000000627 | P25: 2019/1/10 | R25: 中通仓库 | S25: 无*RRU安装架室内RRU安装架**吴兴环渚二轻机械厂*330502908000000627**330500326692**废旧 | T25: 已处置 | U25: 已上会无需处置
A26: 25 | B26: 总经理办公会纪要〔2024〕第30期 | C26: 330500337226 | D26: 机房配套扩容资产 | F26: 315.79 | G26: 86.06 | H26: 229.73 | I26: 1 | J26: 个 | L26: 普通空调基站智能空调控制器 | N26: 湖州吴兴八里店章家埭基站 | O26: 330502908000001183 | P26: 2019/11/22 | R26: 中通仓库 | S26: 无*普通空调基站智能空调控制器**湖州吴兴八里店章家埭基站*330502908000001183**330500337226**废旧 | T26: 已处置 | U26: 已上会无需处置
... A32: 31 | B32: 总经理办公会纪要〔2024〕第30期 | C32: 330500106191 | D32: 组合式开关电源 | F32: 1031.05 | G32: 30.93 | H32: 1000.12 | I32: 1 | J32: 个 | L32: 48V-500A(模块50A)-100 | N32: 南方家园 | O32: 330521908000000571 | P32: 2015/10/31 | R32: 中通仓库 | S32: 无*组合式48V-500A(模块50A)-100**南方家园*330521908000000571**330500106191**废旧 | T32: 未处置 | U32: 拍卖
A33: 32 | B33: 总经理办公会纪要〔2024〕第30期 | C33: 330500005216 | D33: 专用空调 | F33: 5827.32 | G33: 174.82 | H33: 5652.5 | I33: 1 | J33: 台 | K33: 3P | L33: 3P 三相柜式（单冷） | N33: 德清金康铜业公司（永辉家私有限公司） | O33: 330521500000000002 | P33: 2015/11/2 | Q33: 注：无铜管 | R33: 中通仓库 | S33: 无*3P**德清金康铜业公司（永辉家私有限公司）*330521500000000002**330500005216**废旧 | T33: 未处置 | U33: 拍卖
A34: 33 | B34: 总经理办公会纪要〔2024〕第30期 | C34: 330500123197 | D34: 专用空调 | F34: 103 | G34: 3.09 | H34: 99.91 | I34: 1 | J34: 台 | K34: 3P | L34: RF73WDT | N34: 德清武康郭肇村基站 | O34: 330521908000000240 | P34: 2015/10/31 | R34: 中通仓库 | S34: 无*3P**德清武康郭肇村基站*330521908000000240**330500123197**废旧 | T34: 未处置 | U34: 拍卖
A35: 34 | B35: 总经理办公会纪要〔2024〕第30期 | C35: 330500123674 | D35: 专用空调 | F35: 1762.09 | G35: 52.86 | H35: 1709.23 | I35: 1 | J35: 台 | K35: 2P | L35: 2P | N35: 德清武康新琪 | O35: 330521908000000606 | P35: 2015/10/31 | Q35: 注：无铜管 | R35: 中通仓库 | S35: 无*3P**德清武康新琪*330521908000000606**330500123674**废旧 | T35: 未处置 | U35: 拍卖
A36: 35 | B36: 总经理办公会纪要〔2024〕第30期 | C36: 330500111617 | D36: 专用空调 | F36: 2884 | G36: 86.52 | H36: 2797.48 | I36: 1 | J36: 个 | K36: 3P | L36: 3P | N36: 德清新市汽车站基站 | O36: 330521908000000430 | P36: 2015/10/31 | R36: 中通仓库 | S36: 无*3P**德清新市汽车站基站*330521908000000430**330500111617**废旧 | T36: 未处置 | U36: 拍卖
A37: 36 | B37: 总经理办公会纪要〔2024〕第30期 | C37: 330500129329 | D37: 专用空调 | F37: 2280 | G37: 68.4 | H37: 2211.6 | I37: 1 | J37: 台 | K37: 3P | L37: LF75WGT | N37: 德清禹越湖墩村 | O37: 330521908000000793 | P37: 2015/10/31 | Q37: 注：无铜管 | R37: 中通仓库 | S37: 无*3P**德清禹越湖墩村*330521908000000793**330500129329**废旧 | T37: 未处置 | U37: 拍卖
A38: 37 | B38: 总经理办公会纪要〔2024〕第30期 | C38: 330500314284 | D38: 专用空调 | F38: 6884.96 | G38: 206.55 | H38: 6678.41 | I38: 1 | J38: 台 | K38: 3P | L38: 3P单冷三相整机 | N38: 德清禹越油车卫生所基站 | O38: 330521908000000258 | P38: 2017/9/6 | Q38: 注：无铜管 | R38: 中通仓库 | S38: 无*3P**德清禹越油车卫生所基站*330521908000000258**330500314284**废旧 | T38: 未处置 | U38: 拍卖
A39: 38 | B39: 总经理办公会纪要〔2024〕第30期 | C39: 330500112536 | D39: 专用空调 | F39: 192 | G39: 5.76 | H39: 186.24 | I39: 1 | J39: 台 | K39: 3P | L39: KFR-75L-KFR-75W | N39: 德清钟管戈亭集镇基站 | O39: 330521908000000270 | P39: 2015/10/31 | Q39: 注：无铜管 | R39: 中通仓库 | S39: 无*3P**德清钟管戈亭集镇基站*330521908000000270**330500112536**废旧 | T39: 未处置 | U39: 拍卖
A40: 39 | B40: 总经理办公会纪要〔2024〕第30期 | C40: 330500112420 | D40: 专用空调 | F40: 192 | G40: 5.76 | H40: 186.24 | I40: 1 | J40: 台 | K40: 3P | L40: KFR-75L-KFR-75W | N40: 笠帽桥 | O40: 330521908000000628 | P40: 2015/10/31 | R40: 中通仓库 | S40: 无*3P**笠帽桥*330521908000000628**330500112420**废旧 | T40: 未处置 | U40: 拍卖
A41: 40 | B41: 总经理办公会纪要〔2024〕第30期 | C41: 330500306388 | D41: 专用空调 | F41: 4372.25 | G41: 131.17 | H41: 4241.08 | I41: 1 | J41: 台 | K41: 3P | L41: 3P专用空调三相专用空调 | N41: 水利排涝站 | O41: 330521908000000663 | P41: 2016/12/21 | R41: 中通仓库 | S41: 无*3P**水利排涝站*330521908000000663**330500306388**废旧 | T41: 未处置 | U41: 拍卖
A42: 41 | B42: 总经理办公会纪要〔2024〕第30期 | C42: 330500306339 | D42: 专用空调 | F42: 5760.06 | G42: 172.8 | H42: 5587.26 | I42: 1 | J42: 台 | K42: 3P | L42: 3P单冷三相整机 | N42: 乌回山 | O42: 330521908000000484 | P42: 2016/12/10 | Q42: 注：无铜管 | R42: 中通仓库 | S42: 无*3P**乌回山*330521908000000484**330500306339**废旧 | T42: 未处置 | U42: 拍卖
A43: 42 | B43: 总经理办公会纪要〔2024〕第30期 | C43: 330500324632 | D43: 基站构筑物扩容资产 | F43: 634 | G43: 496.53 | H43: 137.47 | I43: 1 | J43: 个 | L43: 电控锁 | N43: 德清钟管干山老村 | O43: 330521500000000134 | P43: 2018/10/9 | R43: 中通仓库 | S43: 无*电控锁**德清钟管干山老村*330521500000000134**330500324632**废旧 | T43: 已处置 | U43: 已上会无需处置
A44: 43 | B44: 总经理办公会纪要〔2024〕第30期 | C44: 330500348840 | D44: 电力电缆 | F44: 579.71 | G44: 502.97 | H44: 76.74 | I44: 3 | J44: 米 | L44: 1*95mm2铜芯 | N44: 安吉递铺水上乐园 | O44: 330523010000000156 | P44: 2020/12/18 | R44: 中通仓库 | S44: 无*注：实收3米铜线**安吉递铺水上乐园*330523010000000156**330500348840**废旧 | T44: 已处置 | U44: 已上会无需处置
A45: 44 | B45: 总经理办公会纪要〔2024〕第30期 | C45: 330500340072 | D45: 电力电缆 | F45: 18385.22 | G45: 8912 | H45: 9473.22 | I45: 4 | J45: 米 | L45: 4*35方铝线 | N45: 安吉递铺水上乐园 | O45: 330523010000000156 | P45: 2020/1/22 | R45: 中通仓库 | S45: 无*注：实收4米铜线**安吉递铺水上乐园*330523010000000156**330500340072**废旧 | T45: 已处置 | U45: 已上会无需处置
A46: 45 | B46: 总经理办公会纪要〔2024〕第 24 期 | C46: 330500317698 | D46: 动力及环境监控单元 | F46: 3226.16 | G46: 96.78 | H46: 3129.38 | I46: 1 | J46: 套 | L46: 主设备室内型成套设备基本配置模型 | N46: 德清干山南堂新建 | O46: 330521500000000159 | P46: 20171031 | R46: 中通仓库 | S46: 无*主设备室内型成套设备基本配置模型**德清干山南堂新建*330521500000000159**330500317698**废旧 | T46: 未处置 | U46: 拍卖
A47: 46 | B47: 湖州铁塔党委会纪要〔2024〕第15期 | C47: 330500317703 | D47: 基站机房扩容资产 | F47: 99268.61 | G47: 74069.1 | H47: 25199.51 | I47: 1 | J47: 个 | L47: 手提式灭火器 | N47: 德清干山南堂新建 | O47: 330521500000000159 | P47: 20171031 | R47: 中通仓库 | S47: 无*手提式灭火器**德清干山南堂新建*330521500000000159**330500317703**废旧 | T47: 已处置 | U47: 已上会无需处置
A48: 47 | B48: 总经理办公会纪要〔2024〕第 24 期 | C48: 330500322387 | D48: 基站构筑物扩容资产 | F48: 400 | G48: 316.11 | H48: 83.89 | I48: 1 | J48: 个 | L48: 电控锁 | N48: 德清干山南堂新建 | O48: 330521500000000159 | P48: 20181008 | R48: 中通仓库 | S48: 无*电控锁**德清干山南堂新建*330521500000000159**330500322387**废旧 | T48: 已处置 | U48: 已上会无需处置
A49: 48 | B49: 总经理办公会纪要〔2024〕第30期 | C49: 330500123850 | D49: 专用空调 | F49: 4761.09 | G49: 142.83 | H49: 4618.26 | I49: 1 | J49: 个 | K49: 3P | L49: 基站专用柜式分体7KW单冷三相空调 | N49: 德清新市汽车站基站 | O49: 330521908000000430 | P49: 2015/10/31 | R49: 中通仓库 | S49: 无*3P**德清新市汽车站基站*330521908000000430**330500123850**废旧 | T49: 未处置 | U49: 拍卖
A50: 49 | B50: 湖州铁塔党委会纪要〔2024〕第15期 | C50: 330500336026 | D50: 机房配套扩容资产 | F50: 291.19 | G50: 79.39 | H50: 211.8 | I50: 1 | J50: 个 | L50: 监控传感器智能门禁配套物资电源转换模块 | N50: 德清莫干山老年乐园基站 | O50: 330521908000000086 | P50: 20191010 | R50: 中通仓库 | S50: 无*监控传感器智能门禁配套物资电源转换模块**德清莫干山老年乐园基站*330521908000000086**330500336026**废旧 | T50: 已处置 | U50: 已上会无需处置
A51: 50 | B51: 湖州铁塔党委会纪要〔2024〕第15期 | C51: 330500344801 | D51: 机房配套扩容资产 | F51: 50.69 | G51: 21.38 | H51: 29.31 | I51: 1 | J51: 个 | L51: 普通空调基站智能空调控制器控制器红外模块 | N51: 德清莫干山老年乐园基站 | O51: 330521908000000086 | P51: 20200922 | R51: 中通仓库 | S51: 无*普通空调基站智能空调控制器控制器红外模块**德清莫干山老年乐园基站*330521908000000086**330500344801**废旧 | T51: 已处置 | U51: 已上会无需处置
A52: 51 | B52: 湖州铁塔党委会纪要〔2024〕第15期 | C52: 330500336139 | D52: 机房配套扩容资产 | F52: 306.93 | G52: 83.64 | H52: 223.29 | I52: 1 | J52: 个 | L52: 普通空调基站智能空调控制器 | N52: 德清莫干山老年乐园基站 | O52: 330521908000000086 | P52: 20191010 | R52: 中通仓库 | S52: 无*普通空调基站智能空调控制器**德清莫干山老年乐园基站*330521908000000086**330500336139**废旧 | T52: 已处置 | U52: 已上会无需处置
A53: 52 | B53: 总经理办公会纪要〔2024〕第 24 期 | C53: 330500111580 | D53: 专用空调 | F53: 2265.73 | G53: 67.97 | H53: 2197.76 | I53: 1 | J53: 个 | K53: 3P | L53: 基站专用柜式分体7KW单冷三相 | N53: 湖州吴兴妙西南埠基站 | O53: 330502908000000863 | P53: 20151031 | R53: 中通仓库 | S53: 无*基站专用柜式分体7KW单冷三相空调**湖州吴兴妙西南埠基站*330502908000000863**330500111580**废旧 | T53: 未处置 | U53: 拍卖
A54: 53 | B54: 总经理办公会纪要〔2024〕第30期 | C54: 330500311284 | D54: 动力及环境监控单元 | F54: 3677.34 | G54: 110.32 | H54: 3567.02 | I54: 1 | J54: 套 | L54: 主设备室内型成套设备基本配置模型 | N54: 德清钟管干山老村 | O54: 330521500000000134 | P54: 2017/5/27 | R54: 中通仓库 | S54: 无*主设备室内型成套设备基本配置模型**德清钟管干山老村*330521500000000134**330500311284**废旧 | T54: 未处置 | U54: 拍卖
A55: 54 | B55: 总经理办公会纪要〔2024〕第30期 | C55: 330500112502 | D55: 专用空调 | F55: 206 | G55: 6.18 | H55: 199.82 | I55: 1 | J55: 台 | K55: 3P | L55: FVY71LQVLB | N55: 德清钟管干山老村 | O55: 330521500000000134 | P55: 2015/10/31 | R55: 中通仓库 | S55: 无*FVY71LQVLB**德清钟管干山老村*330521500000000134**330500112502**废旧 | T55: 未处置 | U55: 拍卖
A56: 55 | B56: 湖州铁塔党委〔2024〕6 号 | C56: 330500122019 | D56: 交流配电箱 | F56: 4720.49 | G56: 141.61 | H56: 4578.88 | I56: 1 | J56: 个 | L56: 220V-63A | N56: 吴兴杭宁高速鹿山收费站 | O56: 330502908000000000 | P56: 20151031 | R56: 中通仓库 | S56: 无*220V-63A**吴兴杭宁高速鹿山收费站*330502908000000453**330500122019**废旧 | T56: 未处置 | U56: 拍卖
A57: 56 | B57: 总经理办公会纪要〔2024〕第 24 期 | C57: 330500111581 | D57: 专用空调 | F57: 2286.43 | G57: 68.59 | H57: 2217.84 | I57: 1 | J57: 个 | K57: 3P | L57: 基站专用柜式分体7KW单冷三相 | N57: 湖州吴兴妙西南埠基站 | O57: 330502908000000863 | P57: 20151031 | Q57: 注：无铜管 | R57: 中通仓库 | S57: 无*3P普通空调柜式*注：无铜管*湖州吴兴妙西南埠基站*330502908000000863**330500111581**废旧 | T57: 未处置 | U57: 拍卖
A58: 57 | B58: 总经理办公会纪要〔2024〕第 24 期 | C58: 330500110707 | D58: 交流配电箱 | F58: 3370.06 | G58: 101.1 | H58: 3268.96 | I58: 1 | J58: 面 | L58: 交流配电箱 | N58: 湖州吴兴埭溪方山基站 | O58: 330502908000001228 | P58: 20151031 | R58: 中通仓库 | S58: 无*交流配电箱**湖州吴兴埭溪方山基站*330502908000001228**330500110707**废旧 | T58: 未处置 | U58: 拍卖
A59: 58 | B59: 湖州铁塔党委会纪要〔2024〕第15期 | C59: 330500123968 | D59: 专用空调 | F59: 257.5 | G59: 7.73 | H59: 249.77 | I59: 1 | J59: 个 | K59: 3P | L59: 3匹空调 | N59: 长兴洪桥小沉渎基站 | O59: 330522908000000922 | P59: 20151031 | Q59: 注：无铜管 | R59: 中通仓库 | S59: 无*3P普通空调柜式*注：无铜管*长兴洪桥小沉渎基站*330522908000000922**330500123968**废旧 | T59: 未处置 | U59: 拍卖
A60: 59 | B60: 湖州铁塔党委〔2024〕6 号 | C60: 330500116071 | D60: 交流配电箱 | F60: 4476.2 | G60: 134.29 | H60: 4341.91 | I60: 1 | J60: 个 | L60: 220V-63A | N60: 市区石井富兴 | O60: 330502908000000000 | P60: 20151031 | R60: 中通仓库 | S60: 无*HJP-1**市区石井富兴*330502908000000000**330500116071**废旧 | T60: 未处置 | U60: 拍卖
A61: 60 | B61: 总经理办公会纪要〔2024〕第 24 期 | C61: 330500112353 | D61: 专用空调 | F61: 165 | G61: 4.95 | H61: 160.05 | I61: 1 | J61: 个 | K61: 3P | L61: 3匹柜机 | N61: 湖州吴兴八里店戴山基站 | O61: 330502908000001003 | P61: 20151031 | Q61: 注：无铜管 | R61: 中通仓库 | S61: 无*3P普通空调柜式*注：无铜管*湖州吴兴八里店戴山基站*330502908000001003**330500112353**废旧 | T61: 未处置 | U61: 拍卖
A62: 61 | B62: 湖州铁塔党委会纪要〔2024〕第 8 期 | C62: 330500115040 | D62: 交流配电箱 | F62: 5493.46 | G62: 164.8 | H62: 5328.66 | I62: 1 | J62: 面 | L62: ZBX5-F | N62: 吴兴埭溪东红 | O62: 330502908000000337 | P62: 20151031 | R62: 中通仓库 | S62: 无*ZBX5-F**吴兴埭溪东红*330502908000000337**330500115040**废旧 | T62: 未处置 | U62: 拍卖
A63: 62 | B63: 总经理办公会纪要〔2024〕第 24 期 | C63: 330500308183 | D63: 组合式开关电源 | F63: 7611.82 | G63: 228.35 | H63: 7383.47 | I63: 1 | J63: 个 | L63: 600A100A普通、室内开关电源 | N63: 吴兴埭溪联山 | O63: 330502908000000582 | P63: 20160331 | R63: 中通仓库 | S63: 无*600A100A普通、室内开关电源**吴兴埭溪联山*330502908000000582**330500308183**废旧 | T63: 未处置 | U63: 拍卖
A64: 63 | B64: 总经理办公会纪要〔2024〕第 24 期 | C64: 330500114725 | D64: 交流配电箱 | F64: 3022 | G64: 90.66 | H64: 2931.34 | I64: 1 | J64: 个 | L64: 220V-63A | N64: 吴兴道场红里山 | O64: 330502908000000435 | P64: 20151031 | R64: 中通仓库 | S64: 无*220V-63A**吴兴道场红里山*330502908000000435**330500114725**废旧 | T64: 未处置 | U64: 拍卖
A65: 64 | B65: 湖州铁塔党委会纪要〔2024〕第 8 期 | C65: 330500121827 | D65: 交流配电箱 | F65: 3222.67 | G65: 96.68 | H65: 3125.99 | I65: 1 | J65: 个 | L65: 220V-63A | N65: 吴兴东林七八湾 | O65: 330502908000000316 | P65: 20151031 | R65: 中通仓库 | S65: 无*220V-63A**吴兴东林七八湾*330502908000000316**330500121827**废旧 | T65: 未处置 | U65: 拍卖
A66: 65 | B66: 湖州铁塔党委会纪要〔2024〕第 8 期 | C66: 330500005857 | D66: 嵌入式开关电源 | F66: 6870.73 | G66: 206.12 | H66: 6664.61 | I66: 1 | J66: 架 | L66: 嵌入式开关电源63A/2P*1（室外标准机柜用） | N66: 吴兴二轻大厦 | O66: 330502500000000078 | P66: 20151222 | R66: 中通仓库 | S66: 无*嵌入式开关电源63A/2Px1（室外标准机柜用）**吴兴二轻大厦*330502500000000078**330500005857**废旧 | T66: 未处置 | U66: 拍卖
A67: 66 | B67: 湖州铁塔党委会纪要〔2024〕第 8 期 | C67: 330500105138 | D67: 交流配电箱 | F67: 3080.53 | G67: 92.42 | H67: 2988.11 | I67: 1 | J67: 个 | L67: 220V-63A | N67: 吴兴妙西汤村 | O67: 330502908000000295 | P67: 20151031 | R67: 中通仓库 | S67: 无*220V-63A**吴兴妙西汤村*330502908000000295**330500105138**废旧 | T67: 未处置 | U67: 拍卖
A68: 67 | B68: 湖州铁塔党委会纪要〔2024〕第 8 期 | C68: 330500108955 | D68: 交流配电箱 | F68: 10825.25 | G68: 324.76 | H68: 10500.49 | I68: 1 | J68: 个 | L68: 三相(63A) | N68: 东浜村 | O68: 330502908000000217 | P68: 20151031 | R68: 中通仓库 | S68: 无*ZDP-48-63B**东浜村*330502908000000217**330500108955**废旧 | T68: 未处置 | U68: 拍卖
A69: 68 | B69: 总经理办公会纪要〔2024〕第 24 期 | C69: 330500303123 | D69: 组合式开关电源 | F69: 8890.81 | G69: 266.72 | H69: 8624.09 | I69: 1 | J69: 架 | L69: 落地式开关电源-48V/600A方案B | N69: 德清禹越范家坝 | O69: 330521500000000031 | P69: 20160330 | R69: 中通仓库 | S69: 无*落地式开关电源-48V/600A方案B**德清禹越范家坝*330521500000000031**330500303123**废旧 | T69: 未处置 | U69: 拍卖
A70: 69 | B70: 总经理办公会纪要〔2024〕第 24 期 | C70: 330500126519 | D70: 组合式开关电源 | F70: 1165.92 | G70: 34.98 | H70: 1130.94 | I70: 1 | J70: 个 | L70: 48V-500A(模块50A)-100 | N70: 洛舍章家桥 | O70: 330521908000000604 | P70: 20151031 | R70: 中通仓库 | S70: 无*48V-500A(模块50A)-100**洛舍章家桥*330521908000000604**330500126519**废旧 | T70: 未处置 | U70: 拍卖
A71: 70 | B71: 总经理办公会纪要〔2024〕第 24 期 | C71: 330500120055 | D71: 组合式开关电源 | F71: 765.72 | G71: 22.97 | H71: 742.75 | I71: 1 | J71: 个 | L71: MCS1800C-48V-30 | N71: 吕恒泰 | O71: 330521908000000801 | P71: 20151031 | R71: 中通仓库 | S71: 无*MCS1800C-48V-30**吕恒泰*330521908000000801**330500120055**废旧 | T71: 未处置 | U71: 拍卖
A72: 71 | B72: 总经理办公会纪要〔2024〕第 24 期 | C72: 330500116094 | D72: 交流配电箱 | F72: 7233.91 | G72: 217.02 | H72: 7016.89 | I72: 1 | J72: 面 | L72: ZBX5-F | N72: 新市开发区孟西 | O72: 330521908000000630 | P72: 20151031 | R72: 中通仓库 | S72: 无*ZBX5-F**新市开发区孟西*330521908000000630**330500116094**废旧 | T72: 未处置 | U72: 拍卖
A73: 72 | B73: 总经理办公会纪要〔2024〕第 24 期 | C73: 330500114716 | D73: 交流配电箱 | F73: 3456.53 | G73: 103.7 | H73: 3352.83 | I73: 1 | J73: 个 | L73: 220V-63A | N73: 吴兴东林保增 | O73: 330502908000000595 | P73: 20151031 | R73: 中通仓库 | S73: 无*220V-63A**东林保增*330502908000000595**330500114716**废旧 | T73: 未处置 | U73: 拍卖
A74: 73 | B74: 总经理办公会纪要〔2024〕第 24 期 | C74: 330500123121 | D74: 专用空调 | F74: 231.75 | G74: 6.95 | H74: 224.8 | I74: 1 | J74: 个 | K74: 3P | L74: 3匹空调 | N74: 湖州吴兴东林锦山邮电基站 | O74: 330502908000001190 | P74: 20151031 | Q74: 注：无铜管 | R74: 中通仓库 | S74: 无*3P普通空调柜式*注：无铜管*湖州吴兴东林锦山邮电基站*330502908000001190**330500123121**废旧 | T74: 未处置 | U74: 拍卖
A75: 74 | B75: 总经理办公会纪要〔2024〕第 24 期 | C75: 330500313924 | D75: 动力及环境监控单元 | F75: 3604.32 | G75: 108.13 | H75: 3496.19 | I75: 1 | J75: 套 | L75: 主设备室内型成套设备基本配置模型 | N75: 市区鼎立大厦 | O75: 330502908000000306 | P75: 20170821 | R75: 中通仓库 | S75: 无*主设备室内型成套设备基本配置模型**市区鼎立大厦*330502908000000306**330500313924**废旧 | T75: 未处置 | U75: 拍卖
A76: 75 | B76: 总经理办公会纪要〔2024〕第 24 期 | C76: 330500114365 | D76: 交流配电箱 | F76: 906.8 | G76: 27.2 | H76: 879.6 | I76: 1 | J76: 个 | L76: 220V-63A | N76: 吴兴埭溪乔溪 | O76: 330502908000000516 | P76: 20151031 | R76: 中通仓库 | S76: 无*220V-63A**吴兴埭溪乔溪*330502908000000516**330500114365**废旧 | T76: 未处置 | U76: 拍卖
A77: 76 | B77: 总经理办公会纪要〔2024〕第 24 期 | C77: 330500312397 | D77: 组合式开关电源 | F77: 6487.7 | G77: 194.63 | H77: 6293.07 | I77: 1 | J77: 个 | L77: 48V/600A高效系统(50A高效模块)150A | N77: 吴兴埭溪镇中 | O77: 330502500000000283 | P77: 20170622 | R77: 中通仓库 | S77: 无*48V/600A高效系统(50A高效模块)150A**吴兴埭溪镇中*330502500000000283**330500312397**废旧 | T77: 未处置 | U77: 拍卖
A78: 77 | B78: 总经理办公会纪要〔2024〕第 24 期 | C78: 330500114634 | D78: 交流配电箱 | F78: 3222.67 | G78: 96.68 | H78: 3125.99 | I78: 1 | J78: 个 | L78: 220V-63A | N78: 德清武康五龙 | O78: 330521908000000611 | P78: 20151031 | R78: 中通仓库 | S78: 无*65KA-4**德清武康五龙*330521908000000611**330500114634**废旧 | T78: 未处置 | U78: 拍卖
A79: 78 | B79: 总经理办公会纪要〔2024〕第 24 期 | C79: 330500122051 | D79: 交流配电箱 | F79: 7233.91 | G79: 217.02 | H79: 7016.89 | I79: 1 | J79: 个 | L79: 220V-63A | N79: 吴兴东林直头港 | O79: 330502908000000616 | P79: 20151031 | R79: 中通仓库 | S79: 无*220V-63A**吴兴东林直头港*330502908000000616**330500122051**废旧 | T79: 未处置 | U79: 拍卖
A80: 79 | B80: 总经理办公会纪要〔2024〕第 24 期 | C80: 330500308756 | D80: 动力及环境监控单元 | F80: 3575.3 | G80: 107.26 | H80: 3468.04 | I80: 1 | J80: 套 | L80: 主设备室内型成套设备基本配置模型 | N80: 吴兴敢山东（高铁） | O80: 330502500000000223 | P80: 20170216 | R80: 中通仓库 | S80: 无*主设备室内型成套设备基本配置模型**吴兴敢山东（高铁）*330502500000000223**330500308756**废旧 | T80: 未处置 | U80: 拍卖
A81: 80 | B81: 总经理办公会纪要〔2024〕第 24 期 | C81: 330500312371 | D81: 动力及环境监控单元 | F81: 3659.33 | G81: 109.78 | H81: 3549.55 | I81: 1 | J81: 套 | L81: 主设备室内型成套设备基本配置模型 | N81: 吴兴妙西渡善村 | O81: 330502500000000252 | P81: 20170622 | R81: 中通仓库 | S81: 无*主设备室内型成套设备基本配置模型**吴兴妙西渡善村*330502500000000252**330500312371**废旧 | T81: 未处置 | U81: 拍卖
A82: 81 | B82: 总经理办公会纪要〔2024〕第 24 期 | C82: 330500381318 | D82: 电力电缆 | F82: 148.3 | G82: 145.9 | H82: 2.4 | I82: 1 | J82: 米 | L82: 4*35方铝线 | N82: 吴兴大家漾山府NR | O82: 330502500010002289 | P82: 20231013 | R82: 中通仓库 | S82: 无*4x35铝线**吴兴大家漾山府NR*330502500010002289**330500381318**废旧 | T82: 已处置 | U82: 已上会无需处置
A83: 82 | B83: 湖州铁塔党委会纪要〔2024〕第15期 | C83: 330500302672 | D83: 专用空调 | F83: 6118.52 | G83: 183.56 | H83: 5934.96 | I83: 1 | J83: 台 | K83: 2P | L83: 实收2P壁挂 | N83: 长兴和平金敦桥 | O83: 330522500000000040 | P83: 20160330 | R83: 中通仓库 | S83: 无*主设备室内型成套设备基本配置模型**长兴和平金敦桥*330522500000000040**330500302672**废旧 | T83: 未处置 | U83: 拍卖
A84: 83 | B84: 总经理办公会纪要〔2024〕第 24 期 | C84: 330500308960 | D84: 动力及环境监控单元 | F84: 2882.16 | G84: 86.46 | H84: 2795.7 | I84: 1 | J84: 套 | L84: 主设备室内型成套设备双柜配置模型 | N84: 长兴和平上尹 | O84: 330522908000000303 | P84: 20170103 | R84: 中通仓库 | S84: 无*实收2P壁挂**长兴和平上尹*330522908000000303**330500308960**废旧 | T84: 未处置 | U84: 拍卖
A85: 84 | B85: 浙江铁塔财务〔2023〕40号 | C85: 330500317658 | D85: 联想扬天台式电脑 | F85: 4247.01 | G85: 127.41 | H85: 4119.6 | I85: 1 | J85: 台 | L85: 联想扬天M4000e | N85: 湖州市公共库位 | O85: 330500 | P85: 20171230 | S85: #N/A
A86: 85 | B86: 总经理办公会纪要〔2024〕第 24 期 | C86: 330500322010 | D86: 台式电脑 | F86: 4120.69 | G86: 123.62 | H86: 3997.07 | I86: 1 | J86: 台 | L86: 联想扬天M4000e | N86: 湖州市公共库位 | O86: 330500 | P86: 20181026 | S86: #N/A
A87: 86 | B87: 湖州铁塔党委会纪要〔2024〕第15期 | C87: 330500331018 | D87: 笔记本电脑 | F87: 5662.83 | G87: 169.88 | H87: 5492.95 | I87: 1 | J87: 个 | L87: ThinkPad X280 | N87: 湖州市公共库位 | O87: 330500 | P87: 20190415 | S87: #N/A
A88: 87 | B88: 总经理办公会纪要〔2024〕第30期 | C88: 330500303765 | D88: 激光多功能一体机 | F88: 2050.43 | G88: 61.51 | H88: 1988.92 | I88: 1 | J88: 台 | L88: HP M226DW | N88: 湖州市公共库位 | O88: 330500 | P88: 42551 | S88: #N/A
A89: 88 | C89: 无资产卡片 | D89: 机柜空调 | I89: 10 | J89: 个 | K89: 1.5P | L89: 南浔机柜空调 | N89: 南浔代维仓库 | R89: 中通仓库 | S89: 无*1.5P**代维仓库（南浔朱俊杰）*无**无资产卡片**废旧 | T89: #N/A | U89: #N/A
A90: 89 | B90: 送检报废 | D90: 馈线 | I90: 110 | J90: 米 | K90: 1/2"-阻燃 | S90: #N/A
A91: 90 | B91: 总经理办公会纪要〔2024〕第30 期 | C91: 在库报废 | D91: 电力电缆 | I91: 12 | J91: 米 | K91: 1*50mm2铜芯 | L91: 1*50mm2铜芯 | S91: #N/A
A92: 91 | B92: 总经理办公会纪要〔2024〕第30 期 | C92: 在库报废 | D92: 电力电缆 | I92: 16 | J92: 米 | K92: 1*70mm2铜芯 | L92: 1*70mm2铜芯 | S92: #N/A
A93: 92 | B93: 总经理办公会纪要〔2024〕第30 期 | C93: 在库报废 | D93: 电力电缆 | I93: 44 | J93: 米 | K93: 1*95mm2铜芯 | L93: 1*95mm2铜芯 | S93: #N/A
A94: 93 | B94: 送检报废 | D94: 电力电缆 | I94: 15 | J94: 米 | K94: 2*6mm2铜芯 | L94: 2*6mm2铜芯 | S94: #N/A
F95: =SUM(F2:F94) -> 388964.67 | G95: =SUM(G2:G94) -> 105604.1

Sheet 台州
A1: 序号 | B1: 报废批复文号 | C1: 资产编号 | D1: 资产来源 | E1: 资产名称 | F1: 资产类别名称 | G1: 资产原值 （元，不含税） | H1: 资产净值 （元，不含税） | I1: 累计折旧 | J1: 资产数量 | K1: 计量单位 （个/吨/米等） | L1: 单节电池电压（2V/12V） | M1: 规格型号 | N1: 生产厂家 | O1: 站点名称 | P1: 站点编码
A2: 1 | B2: 2024年台州公司第十三次党委会会议纪要 | C2: 331000146173 | D2: 存量收购 | E2: 组合开关电源 | F2: 壁挂式开关电源 | G2: 4804.18 | H2: 144.13 | I2: 4660.05 | J2: 1 | K2: 个 | M2: 48V-600A(50A模块)-150 | O2: 温岭三星营业厅 | P2: 331081908000000446
A3: 2 | B3: 2024年台州公司第十三次党委会会议纪要 | C3: 331000135425 | D3: 存量收购 | E3: 组合开关电源 | F3: 壁挂式开关电源 | G3: 4678.08 | H3: 140.34 | I3: 4537.74 | J3: 1 | K3: 个 | M3: 48V-120A(30A模块)-60 | O3: 玉环大麦屿码头-2 | P3: 331021908000000100
A4: 3 | B4: 2024年台州公司第十三次党委会会议纪要 | C4: 331000168011 | D4: 工程转入 | E4: 嵌入式开关电源 | F4: 嵌入式开关电源 | G4: 3230.72 | H4: 96.92 | I4: 3133.8 | J4: 1 | K4: 架 | M4: (中兴)-开关电源及电源模块-开关电源 | O4: 椒江葭芷星光村 | P4: 331002500000000050
A5: 4 | B5: 2024年台州公司第十三次党委会会议纪要 | C5: 331000165986 | D5: 工程转入 | E5: 嵌入式开关电源 | F5: 嵌入式开关电源 | G5: 5083.11 | H5: 152.49 | I5: 4930.62 | J5: 1 | K5: 架 | M5: (中达电通)-开关电源及电源模块-开关电源 | O5: 路桥中盛豪廷B区8号楼 | P5: 331004500000000061
A6: 5 | B6: 2024年台州公司第十三次党委会会议纪要 | C6: 331000159694 | D6: 工程转入 | E6: 嵌入式高频开关电源-48V/200A高效系统(50A高效模块，共用电源系统，三相交流输入)-100A | F6: 嵌入式开关电源 | G6: 7405.21 | H6: 222.16 | I6: 7183.05 | J6: 1 | K6: 套 | M6: 嵌入式高频开关电源-48V/200A高效系统(50A高效模块，共用电源系统，三相交流输入)-100A | O6: 台州黄岩潮济 | P6: 331003908000000531
A7: 6 | B7: 2024年台州公司第十三次党委会会议纪要 | C7: 331000168599 | D7: 工程转入 | E7: 嵌入式开关电源 | F7: 嵌入式开关电源 | G7: 4606.27 | H7: 138.19 | I7: 4468.08 | J7: 1 | K7: 架 | M7: (杭州中恒)-开关电源及电源模块-开关电源 | O7: 天台上三高速龙湾出口 | P7: 331023500000000011
A8: 7 | B8: 2024年台州公司第十三次党委会会议纪要 | C8: 331000167967 | D8: 工程转入 | E8: 嵌入式开关电源 | F8: 嵌入式开关电源 | G8: 7609.81 | H8: 228.29 | I8: 7381.52 | J8: 1 | K8: 架 | M8: (杭州中恒)-开关电源及电源模块-开关电源 | O8: 温岭岩下高架一 | P8: 331081500000000021
A9: 8 | B9: 2024年台州公司第十三次党委会会议纪要 | C9: 331000160013 | D9: 工程转入 | E9: 嵌入式高频开关电源-48V/300A高效系统(50A高效模块，共用电源系统，三相交流输入)-100A | F9: 嵌入式开关电源 | G9: 6546.35 | H9: 196.39 | I9: 6349.96 | J9: 1 | K9: 套 | M9: 嵌入式高频开关电源-48V/300A高效系统(50A高效模块，共用电源系统，三相交流输入)-100A | O9: 玉环海德曼机床 | P9: 331021908000000657
A10: 9 | B10: 2024年台州公司第十三次党委会会议纪要 | C10: 331000194170 | D10: 工程转入 | E10: 嵌入式开关电源 | F10: 嵌入式开关电源 | G10: 6898.48 | H10: 206.95 | I10: 6691.53 | J10: 1 | K10: 架 | M10: 48V/300A高效系统(50A高效模块，共用电源系统，三相交流输入)150A | O10: 路桥蓬街凯乐洁具 | P10: 331004500000001374
A11: 10 | B11: 2024年台州公司第十三次党委会会议纪要 | C11: 331000165984 | D11: 工程转入 | E11: 整流模块 | F11: 整流模块 | G11: 1012.44 | H11: 30.37 | I11: 982.07 | J11: 1 | K11: 个 | M11: (中达电通)-开关电源及电源模块-开关电源模块 | O11: 路桥中盛豪廷B区8号楼 | P11: 331004500000000061
A12: 11 | B12: 2024年台州公司第十三次党委会会议纪要 | C12: 331000165985 | D12: 工程转入 | E12: 整流模块 | F12: 整流模块 | G12: 1012.45 | H12: 30.37 | I12: 982.08 | J12: 1 | K12: 个 | M12: (中达电通)-开关电源及电源模块-开关电源模块 | O12: 路桥中盛豪廷B区8号楼 | P12: 331004500000000061
A13: 12 | B13: 2024年台州公司第十三次党委会会议纪要 | C13: 331000165987 | D13: 工程转入 | E13: 整流模块 | F13: 整流模块 | G13: 2533.3 | H13: 76 | I13: 2457.3 | J13: 1 | K13: 个 | M13: (中达电通)-开关电源及电源模块-开关电源模块 | O13: 路桥中盛豪廷B区8号楼 | P13: 331004500000000061
... A23: 22 | B23: 2024年台州公司第二次党委会会议纪要 | C23: 331000153433 | D23: 存量收购 | E23: 通用空调 | F23: 2匹室内外成套 | G23: 6701.09 | H23: 201.03 | I23: 6500.06 | J23: 1 | K23: 个 | M23: KF-50GW | O23: 玉环沙门瑶坑岭头-2 | P23: 331021908001900491
A24: 23 | B24: 2024年台州公司第二次党委会会议纪要 | C24: 331000170960 | D24: 工程转入 | E24: 普通空调柜式 | F24: 3匹室内外成套 | G24: 6693.27 | H24: 200.8 | I24: 6492.47 | J24: 1 | K24: 台 | M24: 0 | O24: 黄岩屿头乡陈公田 | P24: 33100300000150
A25: 24 | B25: 2024年台州公司第九次党委会会议纪要 | C25: 331000170952 | D25: 工程转入 | E25: 普通空调柜式 | F25: 3匹室内外成套 | G25: 6397.57 | H25: 191.93 | I25: 6205.64 | J25: 1 | K25: 台 | M25: 0 | O25: 黄岩院桥镇里洋 | P25: 33100300000066
A26: 25 | B26: 2024年台州公司第九次党委会会议纪要 | C26: 331000163657 | D26: 工程转入 | E26: 普通空调柜式 | F26: 3匹室内外成套 | G26: 5398.71 | H26: 161.96 | I26: 5236.75 | J26: 1 | K26: 台 | M26: 0 | O26: 路桥方家村-2 | P26: 331004908000000616
A27: 26 | B27: 2024年台州公司第十三次党委会会议纪要 | C27: 331000171013 | D27: 工程转入 | E27: 普通空调柜式 | F27: 3匹室内外成套 | G27: 5754.57 | H27: 172.64 | I27: 5581.93 | J27: 1 | K27: 台 | M27: 0 | O27: 路桥金清前尚家村村部 | P27: 331004500000000004
A28: 27 | B28: 2024年台州公司第十三次党委会会议纪要 | C28: 331000122648 | D28: 存量收购 | E28: 分体空调 | F28: 3匹室内外成套 | G28: 5626.74 | H28: 168.8 | I28: 5457.94 | J28: 1 | K28: 台 | M28: KF72LW | O28: 路桥蓬街私立中学 | P28: 331004908000000663
A29: 28 | B29: 2024年台州公司第十三次党委会会议纪要 | C29: 331000203037 | D29: 工程转入 | E29: 普通空调柜式 | F29: 3匹室内外成套 | G29: 7898.92 | H29: 555.82 | I29: 7343.1 | J29: 1 | K29: 台 | M29: 3P单冷三相整机 | O29: 路桥桐屿飞龙湖北 | P29: 331004500000001505
A30: 29 | B30: 2024年台州公司第十三次党委会会议纪要 | C30: 331000168653 | D30: 工程转入 | E30: 普通空调柜式 | F30: 3匹室内外成套 | G30: 6268.53 | H30: 188.06 | I30: 6080.47 | J30: 1 | K30: 台 | M30: 3P单冷三相整机 | O30: 路桥中心菜场 | P30: 331004908000000652
A31: 30 | B31: 2024年台州公司第十三次党委会会议纪要 | C31: 331000111940 | D31: 存量收购 | E31: 专用空调 | F31: 3匹室内外成套 | G31: 322.69 | H31: 9.68 | I31: 313.01 | J31: 1 | K31: 个 | M31: KFRd-72LW-HV10S(5) | O31: 台州黄岩康乐路 | P31: 331003908001900261
A32: 31 | B32: 2024年台州公司第九次党委会会议纪要 | C32: 331000171646 | D32: 工程转入 | E32: 普通空调壁挂 | F32: 3匹室内外成套 | G32: 4190.18 | H32: 125.71 | I32: 4064.47 | J32: 1 | K32: 台 | M32: 0 | O32: 台州椒江花泾 | P32: 331002908000000125
A33: 32 | B33: 2024年台州公司第十三次党委会会议纪要 | C33: 331000123124 | D33: 存量收购 | E33: 专用空调 | F33: 3匹室内外成套 | G33: 257.5 | H33: 7.73 | I33: 249.77 | J33: 1 | K33: 个 | M33: 3P | O33: 台州路桥高原 | P33: 331004908000000187
A34: 33 | B34: 2024年台州公司第十三次党委会会议纪要 | C34: 331000186236 | D34: 工程转入 | E34: 普通空调柜式 | F34: 3匹室内外成套 | G34: 6180.47 | H34: 185.41 | I34: 5995.06 | J34: 1 | K34: 台 | M34: 3P单冷三相整机 | O34: 温岭潘郎西山金村 | P34: 331081908000000691
A35: 34 | B35: 2024年台州公司第十三次党委会会议纪要 | C35: 331000141104 | D35: 存量收购 | E35: 分体空调 | F35: 3匹室内外成套 | G35: 3615.43 | H35: 108.46 | I35: 3506.97 | J35: 1 | K35: 台 | M35: 三菱LF72W~L（S）A | O35: 温岭温峤西洋潘村 | P35: 331081908000001021
A36: 35 | B36: 2024年台州公司第九次党委会会议纪要 | C36: 331000168294 | D36: 工程转入 | E36: 普通空调柜式 | F36: 3匹室内外成套 | G36: 8690.31 | H36: 260.71 | I36: 8429.6 | J36: 1 | K36: 台 | M36: (北京融和创)-基站舒适空调3匹（柜式）（三相）-整机（单冷） | O36: 玉环城东尖山村 | P36: 33102101000175
A37: 36 | B37: 2024年台州公司第二次党委会会议纪要 | C37: 331000174244 | D37: 工程转入 | E37: 普通空调柜式 | F37: 3匹室内外成套 | G37: 9446.24 | H37: 283.39 | I37: 9162.85 | J37: 1 | K37: 台 | M37: 0 | O37: 玉环坎门里黄山脚下 | P37: 33102100000089
A38: 37 | B38: 2024年台州公司第二次党委会会议纪要 | C38: 331000265147 | D38: 工程转入 | E38: 供电计量设备 | F38: 供电计量设备 | G38: 280.13 | H38: 232.63 | I38: 47.5 | J38: 1 | K38: 台 | M38: 直流计量终端6分路 | O38: 玉环陈屿尤蒙岙-2 | P38: 331021908000000194
A39: 38 | B39: 2024年台州公司第十三次党委会会议纪要 | C39: 331000152662 | D39: 存量收购 | E39: 组合开关电源 | F39: 组合开关电源 | G39: 8955.33 | H39: 268.66 | I39: 8686.67 | J39: 1 | K39: 个 | M39: PS48300 | O39: 黄岩院桥高洋工业区 | P39: 331003908000000896
A40: 39 | B40: 2024年台州公司第十三次党委会会议纪要 | C40: 331000140542 | D40: 存量收购 | E40: 组合开关电源 | F40: 组合开关电源 | G40: 1000.8 | H40: 30.02 | I40: 970.78 | J40: 1 | K40: 个 | M40: MCS3000 | O40: 临海白水洋上峰村 | P40: 331082908000000384
A41: 40 | B41: 2024年台州公司第十三次党委会会议纪要 | C41: 331000119311 | D41: 存量收购 | E41: 组合开关电源 | F41: 组合开关电源 | G41: 899.35 | H41: 26.98 | I41: 872.37 | J41: 1 | K41: 个 | M41: 48V-300A(50A模块)-100 | O41: 临海东塍鲍家 | P41: 331082908000001033
A42: 41 | B42: 2024年台州公司第二次党委会会议纪要 | C42: 331000109734 | D42: 存量收购 | E42: 组合开关电源 | F42: 组合开关电源 | G42: 1073.95 | H42: 32.22 | I42: 1041.73 | J42: 1 | K42: 个 | M42: MCS3000H | O42: 临海杜桥富洋村大楼 | P42: 331082908000000605
A43: 42 | B43: 2024年台州公司第十三次党委会会议纪要 | C43: 331000119090 | D43: 存量收购 | E43: 组合开关电源 | F43: 组合开关电源 | G43: 899.35 | H43: 26.98 | I43: 872.37 | J43: 1 | K43: 个 | M43: 48V-450A(50A模块)-100 | O43: 临海麻车 | P43: 331082908000000835
A44: 43 | B44: 2024年台州公司第十三次党委会会议纪要 | C44: 331000118780 | D44: 存量收购 | E44: 组合开关电源 | F44: 组合开关电源 | G44: 10327.41 | H44: 309.82 | I44: 10017.59 | J44: 1 | K44: 个 | M44: 48V-600A(50A模块)-100 | O44: 临海邵家渡许安村-2 | P44: 331082908000000226
A45: 44 | B45: 2024年台州公司第十三次党委会会议纪要 | C45: 331000103833 | D45: 存量收购 | E45: 组合开关电源 | F45: 组合开关电源 | G45: 899.35 | H45: 26.98 | I45: 872.37 | J45: 1 | K45: 个 | M45: 48V-600A(50A模块)-150 | O45: 临海小海门 | P45: 331082908000000884
A46: 45 | B46: 2024年台州公司第十三次党委会会议纪要 | C46: 331000147278 | D46: 存量收购 | E46: 组合开关电源 | F46: 组合开关电源 | G46: 898.2 | H46: 26.95 | I46: 871.25 | J46: 1 | K46: 个 | M46: PS48600-3-2900 | O46: 路桥比克咖啡 | P46: 331004908000000471
A47: 46 | B47: 2024年台州公司第十三次党委会会议纪要 | C47: 331000108772 | D47: 存量收购 | E47: 组合开关电源 | F47: 组合开关电源 | G47: 898.2 | H47: 26.95 | I47: 871.25 | J47: 1 | K47: 个 | M47: PS48400-2C-50 | O47: 路桥金清工业园区 | P47: 331004908000000449
A48: 47 | B48: 2024年台州公司第十三次党委会会议纪要 | C48: 331000164563 | D48: 工程转入 | E48: 组合式开关电源 | F48: 组合开关电源 | G48: 9216.55 | H48: 276.5 | I48: 8940.05 | J48: 1 | K48: 台 | M48: 0 | O48: 路桥金清金龙电机北 | P48: 33100400000051
A49: 48 | B49: 2024年台州公司第十三次党委会会议纪要 | C49: 331000140340 | D49: 存量收购 | E49: 组合开关电源 | F49: 组合开关电源 | G49: 503.7 | H49: 15.11 | I49: 488.59 | J49: 1 | K49: 个 | M49: MCS3000D | O49: 路桥金清下梁霓岙村-2 | P49: 331004908000000453
A50: 49 | B50: 2024年台州公司第十三次党委会会议纪要 | C50: 331000166234 | D50: 工程转入 | E50: 组合式开关电源 | F50: 组合开关电源 | G50: 8148.71 | H50: 244.46 | I50: 7904.25 | J50: 1 | K50: 台 | M50: （自购）中达开关电源48V600A | O50: 路桥路北街道南洋村西D | P50: 33100400000066
A51: 50 | B51: 2024年台州公司第十三次党委会会议纪要 | C51: 331000109917 | D51: 存量收购 | E51: 组合开关电源 | F51: 组合开关电源 | G51: 898.2 | H51: 26.95 | I51: 871.25 | J51: 1 | K51: 个 | M51: PS48600-3-2900 | O51: 路桥桐屿新山村 | P51: 331004908000000368
A52: 51 | B52: 2024年台州公司第十三次党委会会议纪要 | C52: 331000119192 | D52: 存量收购 | E52: 组合开关电源 | F52: 组合开关电源 | G52: 899.35 | H52: 26.98 | I52: 872.37 | J52: 1 | K52: 个 | M52: 48V-600A(50A模块)-100 | O52: 三门鲍家 | P52: 331022908000000525
A53: 52 | B53: 2024年台州公司第十三次党委会会议纪要 | C53: 331000134342 | D53: 存量收购 | E53: 组合开关电源 | F53: 组合开关电源 | G53: 899.35 | H53: 26.98 | I53: 872.37 | J53: 1 | K53: 个 | M53: 48V-500A(50A模块)-150 | O53: 三门大荷塘 | P53: 331022908000000534
A54: 53 | B54: 2024年台州公司第十三次党委会会议纪要 | C54: 331000119478 | D54: 存量收购 | E54: 组合开关电源 | F54: 组合开关电源 | G54: 899.35 | H54: 26.98 | I54: 872.37 | J54: 1 | K54: 个 | M54: 48V-600A(50A模块)-100 | O54: 三门岭里 | P54: 331022908000000679
A55: 54 | B55: 2024年台州公司第十三次党委会会议纪要 | C55: 331000115629 | D55: 存量收购 | E55: 组合开关电源 | F55: 组合开关电源 | G55: 899.35 | H55: 26.98 | I55: 872.37 | J55: 1 | K55: 个 | M55: 48V-600A(50A模块)-100 | O55: 三门楼下村 | P55: 331022908000000461
A56: 55 | B56: 2024年台州公司第十三次党委会会议纪要 | C56: 331000150082 | D56: 存量收购 | E56: 组合开关电源 | F56: 组合开关电源 | G56: 899.35 | H56: 26.98 | I56: 872.37 | J56: 1 | K56: 个 | M56: 48V-500A(50A模块)-150 | O56: 三门绿洲花园 | P56: 331022908000000575
A57: 56 | B57: 2024年台州公司第十三次党委会会议纪要 | C57: 331000102581 | D57: 存量收购 | E57: 组合开关电源 | F57: 组合开关电源 | G57: 899.35 | H57: 26.98 | I57: 872.37 | J57: 1 | K57: 个 | M57: 48V-300A(50A模块)-150 | O57: 三门曼岙 | P57: 331022908000000475
A58: 57 | B58: 2024年台州公司第十三次党委会会议纪要 | C58: 331000117737 | D58: 存量收购 | E58: 组合开关电源 | F58: 组合开关电源 | G58: 899.35 | H58: 26.98 | I58: 872.37 | J58: 1 | K58: 个 | M58: 48V-450A(50A模块)-100 | O58: 三门石坑 | P58: 331022908000000382
A59: 58 | B59: 2024年台州公司第十三次党委会会议纪要 | C59: 331000104005 | D59: 存量收购 | E59: 组合开关电源 | F59: 组合开关电源 | G59: 637.2 | H59: 19.12 | I59: 618.08 | J59: 1 | K59: 个 | M59: 48V-600A(50A模块)-100 | O59: 三门亭旁中门村 | P59: 331022908000000100
A60: 59 | B60: 2024年台州公司第十三次党委会会议纪要 | C60: 331000103297 | D60: 存量收购 | E60: 组合开关电源 | F60: 组合开关电源 | G60: 899.35 | H60: 26.98 | I60: 872.37 | J60: 1 | K60: 个 | M60: 48V-300A(50A模块)-100 | O60: 三门吴都村 | P60: 331022908000000516
... A84: 83 | B84: 2024年台州公司第十三次党委会会议纪要 | C84: 331000103127 | D84: 存量收购 | E84: 组合开关电源 | F84: 组合开关电源 | G84: 1258.62 | H84: 37.76 | I84: 1220.86 | J84: 1 | K84: 个 | M84: 48V-600A(50A模块)-100 | O84: 玉环小青 | P84: 331021908000000569
A85: 84 | B85: / | C85: 盘盈 | E85: 无*-**临海桃渚项庄村-1*331082500010002170**盘盈**废旧 | F85: 空开 | G85: / | H85: / | I85: / | J85: 1 | K85: 个 | O85: 临海桃渚项庄村-1 | P85: 331082500010002170
A86: 85 | B86: / | C86: 盘盈 | E86: 无*走线架**椒江东环大道599号*331002908001900734**无**废旧 | F86: 走线架 | G86: / | H86: / | I86: / | J86: 3 | K86: 个 | O86: 椒江东环大道599号 | P86: 331002908001900734
A87: 86 | B87: 2024年台州公司第二次党委会会议纪要 | C87: 331000164406 | D87: 工程转入 | E87: 油机转换箱 | F87: 油机转换箱 | G87: 2434.77 | H87: 73.04 | I87: 2361.73 | J87: 1 | K87: 个 | M87: 端子排：100A/4P | O87: 台州市虚拟站 | P87: 331000880000000000
A88: 87 | B88: 2024年台州公司第六次党委会会议纪要 | C88: 331000200207 | D88: 工程转入 | E88: 电力引入扩容资产 | F88: 霍尔传感器 | G88: 453.21 | H88: 211.51 | I88: 241.7 | J88: 1 | K88: 个 | M88: 霍尔传感器电流型输入200A/输出4-20mA | O88: 三门海游下山桥 | P88: 331022908000000178
A89: 88 | B89: 2024年台州公司第六次党委会会议纪要 | C89: 331000200698 | D89: 工程转入 | E89: 电源扩容资产 | F89: 供电计量设备 | G89: 603.45 | H89: 75 | I89: 528.45 | J89: 1 | K89: 个 | M89: 供电计量设备 | O89: 三门海游下山桥 | P89: 331022908000000178
A90: 89 | B90: 2024年台州公司第六次党委会会议纪要 | C90: 331000208373 | D90: 工程转入 | E90: 电源扩容资产 | F90: 供电计量设备 | G90: 603.45 | H90: 115.65 | I90: 487.8 | J90: 1 | K90: 个 | M90: 供电计量设备 | O90: 玉环城关下段村 | P90: 331021908000000224
A91: 90 | B91: 2024年台州公司第六次党委会会议纪要 | C91: 331000249173 | D91: 工程转入 | E91: 电源扩容资产 | F91: 供电计量设备 | G91: 1395.08 | H91: 773.16 | I91: 621.92 | J91: 1 | K91: 个 | M91: 低压智能电表三相四路 | O91: 天台螺溪北 | P91: 331023500010001562
G92: =SUM(G2:G91) -> 282565.86 | H92: =SUM(H2:H91) -> 12747.42
